 Dungeon Crawl Stone Soup version 0.22-a0-469-gf26638a (webtiles) character file.

18153 DrEnzyme the Fighter (level 12, -2/91 HPs)
             Began as an Octopode Wanderer on June 10, 2018.
             Was an Initiate of Gozag.
             Slain by an alligator simulacrum (3 damage)
             ... in an ice cave on June 11, 2018.
             The game lasted 01:08:13 (15576 turns).

DrEnzyme the Fighter (Octopode Wanderer)           Turns: 15576, Time: 01:08:20

Health: -2/91      AC:  1    Str: 15    XL:     12   Next: 55%
Magic:  19/19      EV: 21    Int: 19    God:    Gozag
Gold:   104        SH:  6    Dex: 15    Spells: 13/21 levels left

rFire    . . .     SeeInvis .   a - +5 dagger (freeze)
rCold    + . .     Gourm    .   B - +0 buckler
rNeg     . . .     Faith    .   (helmet restricted)
rPois    +         Spirit   .   H - amulet of regeneration
rElec    .         Reflect  .   k - +2 ring of evasion
rCorr    .         Harm     .   l - +3 ring of strength
MR       .....     Rnd*Rage +   w - ring of protection from cold
Stlth    ++++......             F - +3 ring of evasion
HPRegen  0.65/turn              K - ring of Cicsep {rPois Int+2}
MPRegen  0.16/turn              (no ring)
                                (no ring)
                                (no ring)

@: gold aura, flying, hasted, very quick
A: almost no armour, stealthy swim, amphibious, 8 rings, constrict 8, tentacle
spike 1, camouflage 1, berserk 1, clever 1, sense surroundings 1, wild magic 1,
gelatinous body 1
a: Potion Petition, Call Merchant, Bribe Branch, Renounce Religion


You were in an ice cave.
You worshipped Gozag.
Gozag was aware of your devotion.
You were near starving.

You visited 4 branches of the dungeon, and saw 16 of its levels.
You also visited: Ice Cave.

You collected 3024 gold pieces.
You spent 666 gold pieces at shops.
You paid 2254 gold pieces to Gozag.

Inventory:

Hand Weapons
 a - a +5 dagger of freezing (weapon)
 d - a +0 quarterstaff
 o - a +0 short sword of protection
 x - the +5 mace "Gaan" {crush, rElec Str+6 Dex-4}
   (You found it on level 6 of the Dungeon)

   It inflicts extra damage upon your enemies.
   It affects your strength (+6).
   It affects your dexterity (-4).
   It insulates you from electricity.
 D - a +3 dagger
Missiles
 A - a throwing net (quivered)
Armour
 B - a +0 buckler (worn)
Jewellery
 k - a +2 ring of evasion (left tentacle)
 l - a +3 ring of strength (right tentacle)
 w - a ring of protection from cold (on tentacle)
 F - a +3 ring of evasion (on tentacle)
 H - an amulet of regeneration (around mantle)
 K - the ring of Cicsep (on tentacle) {rPois Int+2}
   (You bought it in a shop on level 10 of the Dungeon)

   [ring of poison resistance]

   It affects your intelligence (+2).
   It protects you from poison.
Wands
 u - a wand of flame (9)
 v - a wand of iceblast (23)
 y - a wand of acid (10)
 z - a wand of paralysis (4)
 G - a wand of clouds (5)
 M - a wand of disintegration (14)
 O - a wand of random effects (27)
Scrolls
 e - a scroll of fog
 g - 9 scrolls of remove curse
 i - a scroll of identify
 m - 2 scrolls of enchant weapon
 p - a scroll of enchant armour
 q - 2 scrolls of fear {unknown}
 C - a scroll of magic mapping
 E - 2 scrolls of teleportation
 I - 2 scrolls of blinking
 J - 2 scrolls of vulnerability {unknown}
 P - a scroll of amnesia {unknown}
Potions
 b - 2 potions of berserk rage
 c - 3 potions of lignification
 h - 5 potions of heal wounds
 j - 3 potions of cancellation
 n - 2 potions of haste
 r - 2 potions of might
 s - a potion of curing
 t - a potion of resistance {unknown}
 L - a potion of magic {unknown}
 N - a potion of brilliance {unknown}
Comestibles
 f - 18 rations


   Skills:
 + Level 11.8 Fighting
 - Level 10.0 Short Blades
 - Level 3.0(3.1) Maces & Flails
 - Level 1.0(2.1) Staves
 - Level 5.1 Dodging
 - Level 5.3 Stealth
 + Level 9.1 Shields
 - Level 5.0 Spellcasting
 + Level 1.8 Charms
 - Level 5.6 Evocations


You had 13 spell levels left.
You knew the following spells:

 Your Spells              Type           Power        Failure   Level  Hunger
a - Shroud of Golubria    Chrm/Tloc      ##........   19%         2    #......
b - Regeneration          Chrm/Necr      ##........   34%         3    ##.....
c - Song of Slaying       Chrm           ###.....     13%         2    #......
d - Confusing Touch       Hex            #.....       17%         1    None

Your spell library contained the following spells:

 Spells                   Type           Power        Failure   Level  Hunger
 Apportation              Tloc           #.....       17%         1    None
 Bolt of Magma            Conj/Fire/Erth #.........   99%         5    ######.
 Venom Bolt               Conj/Pois      #.........   99%         5    ######.
 Summon Small Mammal      Summ           #...         17%         1    None
 Animate Skeleton         Necr           N/A          17%         1    None
 Iron Shot                Conj/Erth      #.........   100%        6    #######
 Stone Arrow              Conj/Erth      #.....       45%         3    ##.....
 Passwall                 Tmut/Erth      #.......     26%         2    #......
 Lee's Rapid Deconstruct  Erth           #.........   99%         5    ######.
 Sandblast                Erth           #.....       17%         1    None
 Petrify                  Tmut/Erth      #.......     83%         4    ####...
 Orb of Destruction       Conj           #.........   100%        7    #######
 Iskenderun's Battlesphe  Conj/Chrm      ##......     96%         5    ######.
 Infusion                 Chrm           ###.         10%         1    None
 Spectral Weapon          Hex/Chrm       ##......     34%         3    ##.....
 Spellforged Servitor     Conj/Summ      #.........   100%        7    #######


Dungeon Overview and Level Annotations

Branches:
Dungeon (12/15)            Temple (1/1) D:5            Lair (2/6) D:11
    Orc (1/2) D:9
  Swamp: Lair:2-4    Shoals: Lair:2-4     Snake: Lair:2-4    Spider: Lair:2-4

Altars:
Ashenzari
Cheibriados
Dithmenos
Elyvilon
Fedhas
Gozag
Hepliaklqana
Kikubaaqudgha
Makhleb
Nemelex Xobeh
Okawaru
Qazlal
Ru
Sif Muna
Trog
Uskayaw
Vehumet
Wu Jian
Xom
Yredelemnul
Zin
The Shining One

Shops:
D:8 *   D:9 ?   D:10 =   D:11 %

Annotations:
D:4 exclusions: 2 downstairs and ogre
D:5 2 transporters
D:7 exclusions: 2 downstairs and oklob plant
D:9 exclusions: 2 downstairs and two-headed ogre
D:10 exclusion: downstairs
D:11 exclusions: downstairs and ugly thing, Gastronok
D:12 Nergalle
Lair:1 exclusion: downstairs
Lair:2 exclusion: hydra, Cunctator's ghost, adept GrEE


Innate Abilities, Weirdness & Mutations

You cannot wear most types of armour.
You are very stealthy in the water. (Stealth+)
You are amphibious.
You can wear up to eight rings at the same time.
You can use your tentacles to constrict eight enemies at once.
Your skin changes colour to match your surroundings (Stealth+).
Your rubbery body absorbs attacks. (AC +1, EV +1)
One of your tentacles bears a spike.
You tend to lose your temper in combat.
Your mind is acute. (Int +2)
You passively map a small area around you.
Your spells are a little harder to cast, but a little more powerful.


Message History

The elephant simulacrum tramples you! The elephant simulacrum freezes you!
You resist.
The elephant simulacrum trunk-slaps you.
The elephant simulacrum freezes you! You resist.
The alligator simulacrum misses you.
You block the alligator simulacrum's attack. [a] - 390 gold - haste and flight [b] - 135 gold - heal wounds [c] - 812 gold - haste, flight, heal wounds, curing and magic Purchase which effect?
You no longer have enough gold to petition Gozag for potion effects.
You feel yourself speed up.
You feel very buoyant.
You fly up into the air.
The alligator simulacrum bites you!
* * * LOW HITPOINT WARNING * * *
The alligator simulacrum freezes you! You resist.
* * * LOW HITPOINT WARNING * * *
The alligator simulacrum tail-slaps you.
You die...
Your body crumbles into a pile of gold.

≈ ## ≈ #.
* ..##
,..## ≈
...## *
#Z..# *
##ZZ.#
#.@Z# ≈
##...##
*##.....##
**≈
*#...∩...#
*#.......#
*
*##..∩..##
≈*##...##
* ##### ≈
*


You could see an alligator simulacrum, a death yak simulacrum and 2 elephant
simulacra.

Vanquished Creatures
  The ghost of Caerwyn the Martial Artist, a journeyman GnTm of Okawaru (Lair:1)
  Erolcha (D:9)
  An elephant (D:11)
  A black mamba (Lair:1)
  3 spiny frogs (Lair:1)
  A centaur skeleton (D:10)
  2 trolls (D:11)
  A hornet (D:11)
  5 blink frogs
  A hippogriff (D:9)
  16 yaks
  2 wyverns
  A human (D:12)
  A hungry ghost (D:9)
  2 basilisks
  8 water moccasins
  A porcupine (Lair:1)
  4 orc warriors
  12 ice beasts
  A hornet zombie (D:12)
  A necrophage (D:7)
  A phantom (D:12)
  3 sky beasts
  3 ogres
  28 wolves (Lair:1)
  8 centaurs
  4 crocodiles
  Blork the orc (D:5)
  3 big kobolds
  4 bullfrogs
  A wyvern zombie (D:9)
  A scorpion (D:5)
  3 killer bees (D:7)
  9 wights
  6 crimson imps
  2 bullfrog zombies
  A quasit (D:10)
  7 centaur zombies
  2 hounds
  13 orc wizards
  5 orc priests
  4 jellies
  A bullfrog skeleton (D:6)
  2 iguanas
  9 worker ants
  A killer bee zombie (D:9)
  2 hound zombies
  A hound skeleton (D:4)
  3 worker ant zombies
  4 gnolls (D:6)
  12 adders
  3 shadow imps
  3 oozes
  An adder skeleton (D:6)
  3 worms
  6 leopard geckos
  39 orcs
  3 ball pythons
  A giant cockroach (D:1)
  8 goblins
  3 hobgoblins
  16 jackals
  5 quokkas
  7 bats
  7 frilled lizards
  20 kobolds
  A quokka skeleton (D:2)
  6 rats
  A bush (Lair:1)
  A fungus (D:11)
  3 plants
347 creatures vanquished.

Vanquished Creatures (others)
  A bullfrog (Lair:1)
  An orc (D:12)
  3 fungi
  2 plants (Lair:1)
7 creatures vanquished.

Grand Total: 354 creatures vanquished

Notes
Turn   | Place    | Note
-------+----------+-------------------------------------------
     0 | D:1      | DrEnzyme the Octopode Wanderer began the quest for the Orb.
     0 | D:1      | DrEnzyme set off with: a +2 dagger, a potion of berserk rage, a potion of lignification, a +0 quarterstaff, a ration
     0 | D:1      | Reached XP level 1. HP: 13/13 MP: 1/1
   126 | D:1      | Reached XP level 2. HP: 15/18 MP: 2/2
   291 | D:1      | Reached skill level 1 in Short Blades
   711 | D:1      | Reached XP level 3. HP: 24/24 MP: 3/3
   865 | D:2      | Reached skill level 2 in Fighting
   978 | D:2      | Reached XP level 4. HP: 22/29 MP: 4/4
   987 | D:2      | Found an iron altar of Okawaru.
  1648 | D:3      | Found a glowing silver altar of Zin.
  1999 | D:4      | Reached XP level 5. HP: 27/35 MP: 5/5
  2247 | D:4      | Noticed an ogre
  2257 | D:4      | Found an ancient bone altar of Kikubaaqudgha.
  2257 | D:4      | Found an iron altar of Okawaru.
  2259 | D:4      | Found a hide-covered altar of Uskayaw.
  2259 | D:4      | Found a glowing golden altar of the Shining One.
  2259 | D:4      | Found a snail-covered altar of Cheibriados.
  2259 | D:4      | Found a shadowy altar of Dithmenos.
  2259 | D:4      | Found a bloodstained altar of Trog.
  2264 | D:4      | Found a shattered altar of Ashenzari.
  2540 | D:5      | Entered Level 5 of the Dungeon
  2540 | D:5      | Noticed an ice beast
  2739 | D:5      | Reached skill level 3 in Fighting
  2750 | D:5      | Reached XP level 6. HP: 13/42 MP: 6/6
  3192 | D:5      | Found a transporter.
  3273 | D:5      | Noticed Blork the orc
  3282 | D:5      | Killed Blork the orc
  3424 | D:5      | Noticed a two-headed ogre
  3566 | D:5      | Found a staircase to the Ecumenical Temple.
  3572 | Temple   | Entered the Ecumenical Temple
  3794 | Temple   | Became a worshipper of Gozag Ym Sagoz the Greedy
  3911 | D:5      | Found a transporter.
  4096 | D:5      | Reached skill level 4 in Fighting
  4096 | D:5      | Reached XP level 7. HP: 38/48 MP: 7/7
  4730 | D:6      | Got a smoking mace
  4737 | D:6      | Identified the +5 mace "Gaan" {crush, rElec Str+6 Dex-4} (You found it on level 6 of the Dungeon)
  5026 | D:6      | Reached skill level 5 in Dodging
  5136 | D:6      | Reached skill level 5 in Fighting
  5136 | D:6      | Reached XP level 8. HP: 51/55 MP: 8/8
  5596 | D:7      | Reached skill level 5 in Short Blades
  5714 | D:7      | Reached skill level 1 in Shields
  6623 | D:7      | Reached skill level 6 in Fighting
  6777 | D:7      | Gained mutation: You passively map a small area around you. [potion of mutation]
  6777 | D:7      | Gained mutation: You are partially covered in rugged brown scales. (AC +1, +3% HP) [potion of mutation]
  6777 | D:7      | Gained mutation: You are weak. (Str -2) [potion of mutation]
  6777 | D:7      | Gained mutation: You are resistant to hostile enchantments. (MR+) [potion of mutation]
  6778 | D:7      | Lost mutation: You are resistant to hostile enchantments. (MR+) [potion of mutation]
  6778 | D:7      | Lost mutation: You are partially covered in rugged brown scales. (AC +1, +3% HP) [potion of mutation]
  6778 | D:7      | Gained mutation: Your mind is acute. (Int +2) [potion of mutation]
  6778 | D:7      | Gained mutation: You expend magic power (3 MP) to strengthen your wands. [potion of mutation]
  6779 | D:7      | Lost mutation: You expend magic power (3 MP) to strengthen your wands. [potion of mutation]
  6779 | D:7      | Lost mutation: You are weak. (Str -2) [potion of mutation]
  6779 | D:7      | Lost mutation: Your mind is acute. (Int +2) [potion of mutation]
  6779 | D:7      | Gained mutation: Your spells are a little harder to cast, but a little more powerful. [potion of mutation]
  6779 | D:7      | Gained mutation: You tend to lose your temper in combat. [potion of mutation]
  6779 | D:7      | Gained mutation: One of your tentacles bears a spike. [potion of mutation]
  6779 | D:7      | Gained mutation: Your mind is acute. (Int +2) [potion of mutation]
  6867 | D:7      | Noticed an oklob plant
  7123 | D:8      | Reached XP level 9. HP: 58/63 MP: 9/9
  7504 | D:8      | Reached skill level 7 in Fighting
  8058 | D:8      | Found Nompe's Assorted Antiques.
  8195 | D:8      | Noticed a two-headed ogre
  8233 | D:7      | Reached skill level 1 in Evocations
  8413 | D:9      | Noticed a two-headed ogre
  8502 | D:9      | Noticed Erolcha
  8524 | D:9      | Killed Erolcha
  8524 | D:9      | Reached skill level 8 in Fighting
  8524 | D:9      | Reached XP level 10. HP: 61/72 MP: 9/12
  9140 | D:9      | Found a staircase to the Orcish Mines.
  9549 | D:8      | HP: 2/73 [yak (16)]
  9925 | D:9      | Reached skill level 9 in Fighting
  9925 | D:9      | Reached skill level 5 in Evocations
 10218 | D:9      | Found Xomen's Magic Scroll Boutique.
 10222 | D:9      | Bought a scroll of blinking for 97 gold pieces
 10222 | D:9      | Bought a scroll of teleportation for 39 gold pieces
 10606 | D:10     | Entered Level 10 of the Dungeon
 10607 | D:10     | Noticed a two-headed ogre
 10798 | D:10     | Learned a level 2 spell: Shroud of Golubria
 10802 | D:10     | Learned a level 3 spell: Regeneration
 10805 | D:10     | Learned a level 2 spell: Song of Slaying
 11000 | D:10     | Found Wopniurr's Jewellery Emporium.
 11009 | D:10     | Bought the ring of Cicsep {rPois Int+2} for 530 gold pieces
 11246 | D:10     | Reached skill level 5 in Shields
 11292 | D:11     | Reached XP level 11. HP: 81/81 MP: 15/15
 11578 | D:11     | Reached skill level 10 in Fighting
 11672 | D:11     | Found a staircase to the Lair.
 11765 | D:11     | Reached skill level 10 in Short Blades
 11816 | D:11     | Noticed a cyan ugly thing
 12097 | D:11     | Noticed Gastronok
 12722 | D:11     | Reached skill level 1 in Spellcasting
 12987 | Lair:1   | Entered Level 1 of the Lair of Beasts
 13379 | Lair:1   | Noticed Caerwyn's ghost (journeyman GnTm)
 13431 | Lair:1   | Learned a level 1 spell: Confusing Touch
 13687 | Lair:1   | Reached skill level 11 in Fighting
 13889 | Lair:1   | Reached XP level 12. HP: 78/90 MP: 17/17
 14192 | Lair:1   | Killed Caerwyn's ghost
 14861 | Lair:2   | Noticed an eight-headed hydra
 14920 | Lair:2   | Noticed Cunctator's ghost (adept GrEE)
 15023 | Orc:1    | Entered Level 1 of the Orcish Mines
 15050 | Orc:1    | Reached skill level 5 in Spellcasting
 15245 | D:12     | Noticed Nergalle
 15270 | D:12     | Noticed a two-headed ogre
 15431 | D:12     | Reached skill level 1 in Charms
 15496 | D:12     | Found a frozen archway.
 15567 | IceCv    | Entered an ice cave
 15576 | IceCv    | HP: 1/91 [alligator simulacrum (15)]
 15576 | IceCv    | Slain by an alligator simulacrum

Vault maps used:
D:1:      dpeg_arrival_rooms_a
D:2:      okawaru_ov_weapons_minmay
D:3:      zin_statuary
D:4:      grunt_temple_overflow_open, first_ration, minmay_misc_feat_square
D:5:      gammafunk_steamed_eel, minmay_temple_entry_hall, uniq_blork_the_orc
D:6:      minmay_misc_feat_columns
D:7:      lemuel_slime, minmay_misc_feat_chi
D:8:      serial_shops, nicolae_shop_behind_doors
D:9:      orc_0_dummy, serial_shops, shop, uniq_erolcha
D:10:     serial_shops, shop
D:11:     david_lair_generic, uniq_gastronok
D:12:     portal_ice_cave_entry_ice_beasts, trove_entry_hex_spiral,
          hangedman_stone_soup, uniq_azrael, uniq_rupert, uniq_nergalle
Temple:   oiseaux_autumnal_temple
Lair:1:   grunt_forest_large_clearings
Lair:2:   elwin_shoals_entry_rooms
Orc:1:    serial_shops, lemuel_statue_altar
IceCv:    ice_cave_small_necro

Skill      XL: |  1  2  3  4  5  6  7  8  9 10 11 12 |
---------------+-------------------------------------+-----
Short Blades   | 1 2 3 4 6 8 9 10 | 10.0
Dodging        | 2 3 4 5 |  5.1
Fighting       | 2 3 4 5 6 8 9 11 | 11.8
Shields        | 3 4 5 7 9 |  9.1
Evocations     | 3 5 |  5.6
Spellcasting   | 3 5 |  5.0
Charms         | 1 |  1.8
Maces & Flails | |  3.0
Staves         | |  1.0
Stealth        | |  5.3

Action                   |  1- 3 |  4- 6 |  7- 9 | 10-12 || total
-------------------------+-------+-------+-------+-------++-------
Melee: Dagger            |    66 |   129 |   251 |   843 ||  1289
       Constrict         |    13 |    31 |    40 |    86 ||   170
       Tentacles         |    12 |    22 |    64 |   214 ||   312
       Kick              |       |       |    38 |   331 ||   369
       Unarmed           |       |       |       |     6 ||     6
Throw: Throwing net      |       |       |     1 |       ||     1
 Cast: Confusing Touch   |       |       |       |     1 ||     1
       Regeneration      |       |       |       |     2 ||     2
       Shroud of Golubri |       |       |       |     2 ||     2
Invok: Potion Petition   |       |       |     1 |     4 ||     5
       Call Merchant     |       |       |       |     1 ||     1
Evoke: Wand              |       |     5 |       |     6 ||    11
  Use: Scroll            |       |     9 |     6 |     5 ||    20
       Potion            |       |     2 |     4 |     1 ||     7
 Stab: Sleeping          |    11 |    11 |    13 |     5 ||    40
       Distracted        |       |       |     3 |     7 ||    10
       Paralysed         |       |       |       |     1 ||     1
  Eat: Chunk             |       |     8 |       |       ||     8
       Ration            |       |     1 |     4 |     6 ||    11
Armor: Skin              |    11 |     2 |     2 |    14 ||    29
Dodge: Dodged            |    45 |    79 |   136 |   358 ||   618
Block: Buckler           |       |       |    10 |   125 ||   135

Table legend:
 A = Spawn XP
 B = Non-spawn XP
 C = Spawn XP percentage of total XP
 D = Spawn monster count
 E = Non-spawn monster count
 F = Spawn count percentage of total count
 G = Total turns spent on level
                    A         B        C        D         E        F      G
               +---------+---------+-------+---------+---------+-------+---------
         Total |       0 |   25934 |   0.0 |       0 |     342 |   0.0 | 15576
               +---------+---------+-------+---------+---------+-------+---------
           D:1 |       0 |      45 |   0.0 |       0 |      23 |   0.0 |   865
           D:2 |       0 |      51 |   0.0 |       0 |      19 |   0.0 |   728
           D:3 |       0 |      57 |   0.0 |       0 |      13 |   0.0 |   595
           D:4 |       0 |      88 |   0.0 |       0 |      15 |   0.0 |  1140
           D:5 |       0 |     431 |   0.0 |       0 |      16 |   0.0 |  1125
           D:6 |       0 |     647 |   0.0 |       0 |      19 |   0.0 |  1250
           D:7 |       0 |    1156 |   0.0 |       0 |      25 |   0.0 |  2156
           D:8 |       0 |    1678 |   0.0 |       0 |      23 |   0.0 |   859
           D:9 |       0 |    3771 |   0.0 |       0 |      31 |   0.0 |  1799
          D:10 |       0 |    1661 |   0.0 |       0 |      19 |   0.0 |   942
          D:11 |       0 |    4662 |   0.0 |       0 |      48 |   0.0 |  1689
          D:12 |       0 |    1989 |   0.0 |       0 |      37 |   0.0 |   299
        Lair:1 |       0 |    8769 |   0.0 |       0 |      49 |   0.0 |  1683
        Lair:2 |       0 |     808 |   0.0 |       0 |       3 |   0.0 |   150
         Orc:1 |       0 |     121 |   0.0 |       0 |       2 |   0.0 |    32
               +---------+---------+-------+---------+---------+-------+---------
